 Dungeon Crawl Stone Soup version 0.21.0-3-g78d12a8 (webtiles) character file.

2894 mopl the Sneak (level 9, -4/45 HPs)
             Began as a Tengu Enchanter on Jan 11, 2018.
             Slain by a two-headed ogre (7 damage)
             ... on level 8 of the Dungeon.
             The game lasted 00:18:04 (6628 turns).

mopl the Sneak (Tengu Enchanter)                    Turns: 6628, Time: 00:18:04

Health: -4/45      AC:  1    Str:  9    XL:     9   Next: 77%
Magic:  10/25      EV: 15    Int: 16    God:
Gold:   274        SH:  0    Dex: 17    Spells: 4/16 levels left

rFire    . . .     SeeInvis .   b - +2 short sword (venom)
rCold    . . .     Gourm    .   (no shield)
rNeg     . . .     Faith    .   C - +0 steam dragon scales
rPois    .         Spirit   .   (helmet restricted)
rElec    .         Reflect  .   (no cloak)
rCorr    .         Harm     .   (no gloves)
MR       .....                  (boots unavailable)
Stlth    ++++......             n - amulet of regeneration
HPRegen  0.55/turn              j - ring of magical power
MPRegen  0.19/turn              q - +3 ring of slaying

@: about to teleport, corroded, flying quickly and evasively, quick
A: beak, talons 3, able to fly 1
a: no special abilities


You were on level 8 of the Dungeon.
You were not hungry.

You visited 1 branch of the dungeon, and saw 9 of its levels.
You also visited: Ossuary.

You collected 274 gold pieces.

Inventory:

Hand Weapons
 a - a +1 dagger
 b - a +2 short sword of venom (weapon)
 s - a +0 rapier
 F - the +1 war axe "Zyogooxt" {holy, rF+ Stlth+, unknown}
   (You found it on level 6 of the Dungeon)

   It has been blessed by the Shining One to cause great damage to the undead
   and demons.
   It protects you from fire.
   It makes you more stealthy.
Missiles
 v - 6 tomahawks (quivered)
 x - 2 throwing nets
 y - 20 poisoned needles
Armour
 C - +0 steam dragon scales (worn)
Jewellery
 g - an uncursed ring of fire {unknown}
 j - a ring of magical power (left hand)
 n - an amulet of regeneration (around neck)
 q - a +3 ring of slaying (right hand)
 G - an uncursed amulet of the gourmand
Wands
 w - a wand of random effects (54)
Scrolls
 r - 5 scrolls of enchant weapon {unknown}
 t - 3 scrolls of remove curse
 u - a scroll of enchant armour {unknown}
 z - a scroll of amnesia {unknown}
 A - a scroll of torment {unknown}
Potions
 e - a potion of haste
 f - 4 potions of might
 h - 4 potions of curing
 i - 5 potions of brilliance
 l - a potion of flight
 m - 2 potions of agility
 o - a potion of mutation {!q}
 D - a potion of resistance
 E - a potion of cancellation
Books
 c - a book of Maledictions

   Spells                             Type                      Level
   a - Corona                         Hexes                        1
   b - Ensorcelled Hibernation        Hexes/Ice                    2
   c - Confuse                        Hexes                        3
   d - Tukima's Dance                 Hexes                        3
   e - Dazzling Spray                 Conjuration/Hexes            3
 p - a book of Cantrips

   Spells                             Type                      Level
   a - Confusing Touch                Hexes                        1
   b - Animate Skeleton               Necromancy                   1
   c - Summon Small Mammal            Summoning                    1
   d - Apportation                    Translocation                1
 B - a book of Callings

   Spells                             Type                      Level
   a - Summon Small Mammal            Summoning                    1
   b - Call Imp                       Summoning                    2
   c - Call Canine Familiar           Summoning                    3
   d - Summon Guardian Golem          Hexes/Summoning              3
   e - Summon Lightning Spire         Summoning/Air                4
   f - Summon Ice Beast               Ice/Summoning                4
Comestibles
 d - 10 rations
 H - 5 chunks of flesh


   Skills:
 + Level 5.8 Short Blades
 - Level 2.1 Dodging
 * Level 7.9 Stealth
 - Level 4.0 Spellcasting
 - Level 4.0 Conjurations
 * Level 6.2 Hexes
 + Level 3.4 Ice Magic


You had 4 spell levels left.
You knew the following spells:

 Your Spells              Type           Power        Failure   Level  Hunger
a - Corona                Hex            ###....      1%          1    None
b - Ensorcelled Hibernat  Hex/Ice        ###...       3%          2    ##.....
c - Confuse               Hex            ###.....     3%          3    ###....
d - Tukima's Dance        Hex            ###.....     3%          3    ###....
g - Dazzling Spray        Conj/Hex       ###...       6%          3    ###....


Dungeon Overview and Level Annotations

Branches:
Dungeon (9/15)
 Temple: D:4-7         Lair: D:8-11         Orc: D:9-12

Altars:
Cheibriados
Gozag
Nemelex Xobeh
Okawaru
Trog
Uskayaw
Xom

Annotations:
D:6 moth
D:8 komo4ek's ghost, novice OpTm


Innate Abilities, Weirdness & Mutations

You have a beak for a mouth.
You have claws for feet.
You can fly.


Message History

The kobold shouts! x2; The bullfrog gives a loud, deep croak!
The kobold shouts!
You hear a horrible gurgling sound!
Found a stone staircase leading down.
A quokka and a bullfrog come into view.
Found 9 poisoned needles.
A brown ugly thing comes into view.
Komo4ek's ghost (novice Octopode Transmuter) comes into view.
It is wielding a vorpal weapon.
Komo4ek's ghost turns its malevolent gaze towards you.
An ice beast comes into view.
The kobold throws a stone.
The stone misses you.
The big kobold throws a stone.
The stone hits you but does no damage.
You see here 2 stones.
As you read the scroll of teleportation, it crumbles to dust.
You feel strangely unstable. The brown ugly thing pecks you!
The acid corrodes you!
You are splashed with acid!
The acid burns!
* * * LOW HITPOINT WARNING * * *
The bullfrog snags a nearby mosquito with its tongue.
The two-headed ogre hits you!
You die...

##.# #.## ######.##
.......K(###
........K..###
>............#
.........F...##
.F......K...K.##
............FO@####
r..........W.u.Y..#
...........(####.....
...........# ##..
..........#
........## .......
....##


You could see a brown ugly thing, a two-headed ogre, an ice beast, a big kobold,
2 bullfrogs, komo4ek's ghost, 3 kobolds and a friendly giant club.

Vanquished Creatures
  Pikel (D:4)
  Joseph (D:7)
  Sigmund (D:3)
  A dancing weapon (D:7)
  A steam dragon (D:9)
  2 slaves (D:4)
  An orc warrior (D:6)
  A sky beast (D:7)
  2 black bears (D:6)
  2 centaurs
  An ogre (D:6)
  2 elf zombies (Ossuary)
  A bullfrog (D:7)
  Blork the orc (D:4)
  A wyvern zombie (D:6)
  4 killer bees (D:5)
  2 crimson imps (D:6)
  A human zombie (Ossuary)
  A hound (D:2)
  3 jellies
  A gnoll shaman (D:7)
  2 orc priests (D:6)
  2 iguanas
  An orc wizard (D:6)
  2 worker ants
  A big kobold zombie (Ossuary)
  A hound zombie (D:6)
  2 hound skeletons
  2 mummies (Ossuary)
  Robin (D:3)
  A howler monkey zombie (D:8)
  7 gnolls
  6 adders
  A shadow imp (D:6)
  An ooze (D:3)
  An adder zombie (Ossuary)
  3 dart slugs
  3 leopard geckos
  5 orcs
  6 bats
  7 giant cockroaches
  15 goblins
  8 hobgoblins
  12 jackals
  9 kobolds
  3 quokkas (D:6)
  3 ball pythons (D:2)
  A frilled lizard (D:2)
  A goblin zombie (Ossuary)
  5 hobgoblin zombies (Ossuary)
  A jackal zombie (Ossuary)
  10 kobold zombies (Ossuary)
  12 orc zombies (Ossuary)
  A quokka skeleton (D:4)
  7 rats
  3 rat zombies (Ossuary)
177 creatures vanquished.

Vanquished Creatures (collateral kills)
  A gnoll (D:4)
1 creature vanquished.

Vanquished Creatures (others)
  2 dancing weapons
2 creatures vanquished.

Grand Total: 180 creatures vanquished

Notes
Turn   | Place    | Note
-------+----------+-------------------------------------------
     0 | D:1      | mopl the Tengu Enchanter began the quest for the Orb.
     0 | D:1      | Reached XP level 1. HP: 10/10 MP: 4/4
   393 | D:1      | Reached XP level 2. HP: 7/15 MP: 4/6
   406 | D:1      | Learned a level 2 spell: Ensorcelled Hibernation
  1144 | D:2      | Reached XP level 3. HP: 19/19 MP: 7/7
  1149 | D:2      | Learned a level 3 spell: Confuse
  1458 | D:2      | Reached skill level 2 in Short Blades
  1458 | D:2      | Reached XP level 4. HP: 24/24 MP: 8/8
  1815 | D:2      | Reached skill level 1 in Ice Magic
  1965 | D:3      | Reached skill level 3 in Hexes
  1972 | D:3      | Noticed Sigmund
  1993 | D:3      | Killed Sigmund
  1993 | D:3      | Reached skill level 4 in Stealth
  1993 | D:3      | Gained mutation: You can fly. [Tengu growth]
  1993 | D:3      | Reached XP level 5. HP: 28/28 MP: 10/10
  1993 | D:3      | Reached XP level 6. HP: 32/32 MP: 11/11
  2239 | D:3      | Noticed Robin
  2427 | D:3      | Killed Robin
  2735 | D:3      | Found a blossoming altar of Fedhas.
  2742 | D:3      | Reached skill level 3 in Spellcasting
  2744 | D:3      | Reached skill level 3 in Short Blades
  2751 | D:3      | Found a shimmering altar of Xom.
  2751 | D:3      | Found a shadowy altar of Dithmenos.
  2753 | D:3      | Found an ornate altar of the Wu Jian Council.
  2753 | D:3      | Found a bloodstained altar of Trog.
  2753 | D:3      | Found a deep blue altar of Sif Muna.
  3053 | D:4      | Learned a level 3 spell: Tukima's Dance
  3088 | D:4      | Noticed Blork the orc
  3101 | D:4      | Killed Blork the orc
  3101 | D:4      | Reached skill level 2 in Ice Magic
  3106 | D:4      | Found an opulent altar of Gozag.
  3160 | D:4      | Noticed Pikel
  3160 | D:4      | Noticed a slave
  3160 | D:4      | Noticed a slave
  3160 | D:4      | Noticed a slave
  3182 | D:4      | Killed a slave
  3357 | D:4      | Killed a slave
  3394 | D:4      | Killed Pikel
  3394 | D:4      | Reached skill level 5 in Stealth
  3394 | D:4      | Reached skill level 4 in Hexes
  3394 | D:4      | Reached XP level 7. HP: 32/36 MP: 13/13
  3394 | D:4      | Reached XP level 8. HP: 37/41 MP: 14/14
  3629 | D:4      | Learned a level 3 spell: Dazzling Spray
  3921 | D:4      | Found a snail-covered altar of Cheibriados.
  3998 | D:5      | Entered Level 5 of the Dungeon
  4002 | D:5      | Found an iron altar of Okawaru.
  4348 | D:5      | Reached skill level 4 in Short Blades
  4366 | D:5      | Reached skill level 1 in Conjurations
  4366 | D:5      | Reached skill level 3 in Ice Magic
  4697 | D:5      | Reached skill level 4 in Spellcasting
  4697 | D:5      | Reached skill level 2 in Conjurations
  4777 | D:5      | Found a sparkling altar of Nemelex Xobeh.
  4779 | D:5      | Found a hide-covered altar of Uskayaw.
  4949 | D:6      | Reached skill level 5 in Hexes
  4964 | D:6      | Reached skill level 6 in Stealth
  5133 | D:6      | Reached skill level 3 in Conjurations
  5133 | D:6      | Reached XP level 9. HP: 42/45 MP: 16/16
  5148 | D:6      | Found a sand-covered staircase.
  5156 | Ossuary  | Entered an ossuary
  5360 | Ossuary  | Reached skill level 5 in Short Blades
  5791 | D:6      | Reached skill level 7 in Stealth
  5853 | D:6      | Noticed a moth of wrath
  5856 | D:6      | Found a bloodstained altar of Trog.
  5893 | D:6      | Got a scorched war axe
  6191 | D:7      | Noticed Joseph
  6213 | D:7      | Killed Joseph
  6213 | D:7      | Reached skill level 6 in Hexes
  6466 | D:7      | Reached skill level 4 in Conjurations
  6522 | D:7      | You fall through a shaft for 2 floors!
  6608 | D:8      | Noticed a two-headed ogre
  6621 | D:8      | Noticed a brown ugly thing
  6622 | D:8      | Noticed komo4ek's ghost (novice OpTm)
  6628 | D:8      | Slain by a two-headed ogre

Skill      XL: |  1  2  3  4  5  6  7  8  9 |
---------------+----------------------------+-----
Short Blades   | 2 3 4 5 |  5.8
Ice Magic      | 1 2 3 |  3.4
Hexes          | 3 4 5 6 |  6.2
Stealth        | 4 5 6 7 |  7.9
Spellcasting   | 3 4 |  4.0
Conjurations   | 3 4 |  4.0
Dodging        | |  2.1

Action                   |  1- 3 |  4- 6 |  7- 9 || total
-------------------------+-------+-------+-------++-------
Melee: Dagger            |    49 |    62 |     7 ||   118
       Kick              |     8 |    31 |    63 ||   102
       Peck              |     3 |    18 |    44 ||    65
       Short sword       |       |    69 |   237 ||   306
 Cast: Corona            |     4 |     1 |     1 ||     6
       Ensorcelled Hiber |    17 |    43 |    42 ||   102
       Confuse           |       |     6 |    12 ||    18
       Tukima's Dance    |       |     3 |    11 ||    14
       Dazzling Spray    |       |       |     2 ||     2
 Abil: Fly               |       |     1 |     2 ||     3
  Use: Scroll            |     3 |     4 |     8 ||    15
 Stab: Sleeping          |    17 |    23 |    31 ||    71
       Confused          |       |     2 |     7 ||     9
  Eat: Chunk             |     3 |    10 |     8 ||    21
       Ration            |       |       |     2 ||     2
Armor: Robe              |    10 |    17 |    13 ||    40
Dodge: Dodged            |    23 |    96 |   120 ||   239
